woodfighter, chaotic female orcish Cavewoman ; O ; & ; & S o ... Y ..<. .... X s ;; @ ...H t S S B A .^@ S ... d ; ; ; woodfighter the Cave Woman Experience level: 11 Strength: 18/04 Dexterity: 17 Constitution: 18 Intelligence: 11 Wisdom: 7 Charisma: 9 Health: 0(103) Energy: 30(30) Def: 20 Gold: 0 Moves: 19039 Dungeon seed: KD6997QmGmBMZAKH Game ID: woodfighter_1489086582 Your Inventory: Amulets H - an uncursed amulet of reflection (being worn) Weapons a - a +1 club (weapon in hand) f - 4 +0 dwarvish spears (in quiver) Armor c - a blessed +3 gray dragon scale mail (being worn) e - a blessed +1 orcish helm (being worn) n - a blessed +0 Hawaiian shirt (being worn) L - an uncursed +0 pair of jumping boots (being worn) P - an uncursed +0 pair of leather gloves (being worn) U - an uncursed +0 small shield (being worn) Y - an uncursed +2 cloak of displacement (being worn) Comestibles d - 6 uncursed food rations g - an uncursed eucalyptus leaf D - 5 uncursed lumps of royal jelly E - an uncursed cram ration Q - an uncursed mango X - an uncursed sprig of wolfsbane Z - an uncursed lizard corpse Rings A - an uncursed ring of free action (on right hand) G - an uncursed ring of searching (on left hand) Wands p - a wand of digging named empty (0:0) v - a wand of make invisible (0:6) K - a wand of death (0:2) M - a cursed wand of lightning (0:4) Tools q - a +0 unicorn horn s - an uncursed bag of holding t - a fire horn (0:7) y - an uncursed skeleton key R - a cursed stethoscope W - a cursed towel (being worn) Gems r - an uncursed luckstone Contents of the bag of holding: 5939 gold pieces a [cursed] amulet of change a [uncursed] [+0] elven shield a [uncursed] [+0] elven shield a [cursed] [+0] pair of gauntlets of power a [uncursed] [+0] pair of kicking boots a [uncursed] scroll of charging a [uncursed] scroll of create monster a [uncursed] scroll of earth 2 uncursed scrolls of enchant armor a [blessed] scroll of enchant armor a [cursed] scroll of enchant weapon a [uncursed] scroll of fire a [uncursed] scroll of identify a [uncursed] scroll of light a [uncursed] scroll of remove curse a [uncursed] scroll of teleportation a [uncursed] potion of extra healing 2 [uncursed] potions of gain energy a [blessed] potion of levitation a [blessed] potion of paralysis a [uncursed] potion of water a [uncursed] wand of digging [0:6] an uncursed [+0] pick-axe an uncursed sack Spells and supernatural/magical abilities: Name Level Category Fail Memory I - identify 3 divination 100% 61% W - pray for help -- divine ? -- Y - supernatural jump -- ability ? -- Your skills at the end: Miscellaneous Skills bare handed combat [Basic] shield [Skilled] stealth [Skilled] Weapon Skills scimitar [Basic] club [Expert] spear [Basic] sling [Basic] Spellcasting Skills Final Attributes: You were piously aligned. You were fire resistant. You were cold resistant. You were poison resistant. You were magic-protected. You were telepathic. You had automatic searching. You had infravision. You were invisible. You were displaced. You were stealthy. You could jump. You had reflection. You had free action. You were lucky. You had extra luck. Bad luck did not time out for you. Good luck did not time out for you. You are dead. Vanquished creatures: a titanothere a baby red dragon a nurse an Aleax 2 golden nagas a ghost a queen bee 4 giant mimics 2 ice trolls 2 large mimics a wumpus a long worm 2 stalkers 2 elf-lords 11 small mimics a xan a troll a sasquatch a large dog a flaming sphere a shocking sphere 3 large cats a tiger 4 gelatinous cubes a crocodile 2 giants a human mummy a pit viper 3 pythons a wraith 2 ettin zombies a leather golem a soldier 2 watchmen a succubus 3 cockatrices 5 wolves 4 winter wolf cubs a panther 5 leprechauns 2 quivering blobs 2 spotted jellies 2 lizards 3 giant spiders 2 iron piercers 5 horses a vampire bat 2 gnome kings an orc mummy a dwarf mummy an ogre 2 brown puddings a rust monster 5 owlbears 2 yetis 3 dogs 2 dingos a housecat 2 jaguars 2 dwarf lords 2 blue jellies 2 water nymphs a white unicorn a gray unicorn 2 dust vortices 3 ravens a plains centaur a gnome mummy 2 Woodland-elves 2 snakes 3 apes 6 soldier ants 5 fire ants 3 yellow lights 8 bugbears an imp 3 wood nymphs 4 Mordor orcs an Uruk-hai 2 orc shamans 2 rock moles 2 rock piercers 4 ponies 3 fog clouds a shrieker a violet fungus 21 gnome lords 9 gnomish wizards a golden naga hatchling 2 guardian naga hatchlings 2 gray oozes 2 elf zombies 2 ghouls a jellyfish 4 giant ants 2 puppies 5 floating eyes 7 kittens 15 dwarves a homunculus a kobold lord 2 kobold shamans 5 iguanas 3 hill orcs 2 rothes a centipede 6 jitterbugs 6 giant bats 2 monkeys 2 wererats a werejackal 39 killer bees 2 coyotes 5 gas spores 8 hobbits an acid blob 5 large kobolds 7 geckos 8 hobgoblins 7 giant rats 2 cave spiders 2 brown molds a yellow mold 2 green molds 5 red molds 47 gnomes 8 garter snakes 7 manes 2 gnome zombies 18 jackals 2 foxes 6 kobolds 11 newts 2 goblins 2 sewer rats 3 grid bugs 3 bats 9 lichens 2 kobold zombies 510 creatures vanquished. Voluntary challenges: You did not cause conflict. You used a wielded weapon 1152 times, starting on turn 50. You did not use plumbed fixtures. You did not drink any magical draughts. You read items or engraved 15 times, starting on turn 2139. You never genocided any monsters. You never polymorphed an object. You never changed form. You completed Sokoban on turn 7470, according to the rules. You used 2 wishes, starting on turn 10135. You did not wish for any artifacts. You never split a pudding. You never wrote Elbereth's name. You violated your moral code, losing 8 points of alignment, starting on turn 9954. Dungeon overview: The Dungeons of Doom: levels 1 to 22 Level 1 some fountains a long staircase Level 2 stairs to The Gnomish Mines Level 3 an altar to Anu, a fountain Level 4 Level 5 a fountain Level 6 many fountains Level 7 a fountain stairs to Sokoban Level 8 a fountain Level 9 an altar to Anu Level 10 a general store Level 11 (water) a general store, a fountain, a sink Level 12 Level 13 (quest, vault) a magic portal Level 14 some fountains Level 15 ( ) Level 16 Level 17 a general store, some fountains Level 18 (rogue) Level 19 a fountain Level 20 (vault) a general store, some fountains Level 21 Level 22 (medusa) <- You were here The Gnomish Mines: levels 3 to 10 Level 3 stairs to The Dungeons of Doom Level 4 Level 5 Level 6 many shops, a temple to Ishtar, a magic chest, some fountains Level 7 Level 8 Level 9 Level 10 many altars to Moloch, a magic chest, some fountains Sokoban: levels 3 to 6 Level 3 a magic chest Level 4 Level 5 Level 6 an altar to Moloch, a magic chest stairs to The Dungeons of Doom History has recorded: On T:1 you entered the Dungeons of Doom to retrieve the Amulet of Yendor! On T:115 you reached level 2 of The Dungeons of Doom. On T:736 you advanced to experience level 2. On T:751 you reached level 3 of The Dungeons of Doom. On T:858 you reached level 1 of The Gnomish Mines. On T:1012 you reached level 4 of The Dungeons of Doom. On T:1290 you advanced to experience level 3. On T:1438 you reached level 5 of The Dungeons of Doom. On T:1486 you advanced to experience level 4. On T:1955 you advanced to experience level 5. On T:1983 you reached level 6 of The Dungeons of Doom. On T:2028 you reached level 7 of The Dungeons of Doom. On T:2047 you reached level 8 of The Dungeons of Doom. On T:2068 you reached level 4 of Sokoban. On T:2136 you opened a magic chest. On T:2391 you reached level 11 of The Dungeons of Doom. On T:2612 you reached level 10 of The Dungeons of Doom. On T:2691 you reached level 12 of The Dungeons of Doom. On T:2733 you advanced to experience level 6. On T:2788 you prayed to Anshar. On T:2993 you reached level 9 of The Dungeons of Doom. On T:3200 you advanced to experience level 7. On T:4485 you advanced to experience level 8. On T:5167 you reached level 3 of Sokoban. On T:5377 you prayed to Anshar. On T:5826 you reached level 2 of Sokoban. On T:6623 you reached level 1 of Sokoban. On T:6719 you prayed to Anshar. On T:7470 you advanced to experience level 9. On T:7470 you entered the Sokoban zoo. On T:8214 you reached level 2 of The Gnomish Mines. On T:8704 you reached level 3 of The Gnomish Mines. On T:9350 you reached level 4 of The Gnomish Mines. On T:9814 you entered the Minetown temple On T:10135 you wished for "+3 blessed fixed greased gray dragon scale armor". On T:10212 you wished for "+3 blessed fixed gray dragon scale mail". On T:10304 you reached level 5 of The Gnomish Mines. On T:10578 you reached level 6 of The Gnomish Mines. On T:10581 you reached level 7 of The Gnomish Mines. On T:10844 you reached level 8 of The Gnomish Mines. On T:10844 you reached the bottom of the Mines. On T:11898 you advanced to experience level 10. On T:13182 you reached level 13 of The Dungeons of Doom. On T:13465 you reached level 14 of The Dungeons of Doom. On T:13505 you advanced to experience level 11. On T:13738 you prayed to Anshar. On T:13950 you reached level 15 of The Dungeons of Doom. On T:15049 you reached level 16 of The Dungeons of Doom. On T:15118 you reached level 17 of The Dungeons of Doom. On T:15858 you reached level 18 of The Dungeons of Doom. On T:15858 you entered the Rogue tribute level. On T:16899 you reached level 19 of The Dungeons of Doom. On T:17081 you reached level 20 of The Dungeons of Doom. On T:17516 you reached level 21 of The Dungeons of Doom. On T:18147 you reached level 22 of The Dungeons of Doom. On T:18727 you prayed to Anshar. Score breakdown: Gold: 5939 ( 593 points) Experience: 11 levels ( 1000 points) Exploration: 22 levels ( 630 points) Discoveries: 54 items ( 2000 points) Variety of kills: 139 monsters ( 2000 points) Major goal: Sokoban/Mines ( 1500 points) Survival: died (score multiplied by 3) Total score: 23169 Latest messages: You hit the invisible titan. The invisible titan jabs you! The invisible titan casts a spell! The invisible titan just misses! You hit the invisible titan. The invisible titan jabs you! The invisible titan just misses! You hear a mumbled curse. You hit the invisible titan. The invisible titan casts a spell! You hit the invisible titan. (2x) The invisible titan jabs you! The invisible titan casts a spell at you! You feel as if you need some help. You feel a malignant aura surround you. You hit the invisible titan. The invisible titan jabs you! (2x) K - a wand called death. The invisible titan jabs you! You die... The sack is empty. The sack is empty. Final status: Goodbye woodfighter the Cavewoman, killed by an invisible titan... You died in The Dungeons of Doom on dungeon level 22 with 23169 points, and 5939 pieces of gold, after 19039 moves. You were level 11 with a maximum of 103 hit points when you died.